Grand Rapids Griffins vs Binghampton Senators

Created - 2 mars 2018 at 18:26

Goals
1 2 3 T
Grand Rapids Griffins 1 3 0 4
Binghampton Senators 0 1 0 1
Shots
1 2 3 T
Grand Rapids Griffins 6 9 6 21
Binghampton Senators 13 15 15 43

1st period

1. Grand Rapids Griffins , Kyle Rau 15 (Dmitrij Jaskin 22, Dylan DeMelo 19) at 2:59

Penalties :
Steve Oleksy (SEN) for Hooking (Minor) at 3:02

2nd period

2. Binghampton Senators , Jeff Schultz 2 (Christian Fischer 28, Brendan Leipsic 55) at 0:46 (PP)
3. Grand Rapids Griffins , Kyle Rau 16 (Slater Koekkoek 38) at 10:17 (PP)
4. Grand Rapids Griffins , Eric Cornel 8 (Daniel Carr 22, Tomas Jurco 12) at 17:34
5. Grand Rapids Griffins , Jesse Puljujarvi 39 (Noel Acciari 32, Markus Hannikainen 21) at 18:05 (PP)

Penalties :
Dylan DeMelo (GRF) for Roughing (Minor) at 0:21, Ryan Graves (SEN) for Fighting (Major) at 5:56, Andrew O'Brien (GRF) for Fighting (Major) at 5:56, Colin McDonald (SEN) for Slashing (Minor) at 9:45, Steve Oleksy (SEN) for Hooking (Minor) at 10:32, Steve Oleksy (SEN) for Hooking (Minor) at 17:39

3rd period

No Goal

Penalties :
Ryan Graves (SEN) for Holding (Minor) at 4:34, Erik Gustafsson (SEN) for Boarding (Minor) at 7:26

Goalie Stats

Mackenzie Blackwood (GRF), 42 saves from 43 shots - (0,977), W, 26-19-4, 60:00 minutes
Jon Gillies (SEN), 10 saves from 14 shots - (0,714), L, 19-27-8, 38:05 minutes
Stephon Williams (SEN), 7 saves from 7 shots - (1,000), 21:55 minutes

Players Stats for Grand Rapids Griffins

Player Name              G  A  P  +/- PIM S  H  SB GA TA FO     MP     PP MP  PK MP  
------------------------------------------------------------------------------------
Andrew O'Brien           0  0  0   0  5   0  1  2  0  1  0/0    19:33   3:29   0:25 
Daniel Carr              0  1  1   1  0   4  5  0  0  0  0/0    15:12   0:00   0:00 
Dmitrij Jaskin           0  1  1   1  0   3  1  0  1  1  0/0    17:39   3:52   0:00 
Dylan DeMelo             0  1  1   2  2   2  1  2  1  3  0/0    30:00   5:21   0:00 
Eric Cornel              1  0  1   1  0   2  3  0  0  0  1/5    15:12   0:00   0:00 
Jesse Puljujarvi         1  0  1   0  0   3  1  0  1  1  3/7    23:58   4:56   0:25 
Justin Holl              0  0  0   1  0   0  2  1  0  0  0/0    16:00   0:10   0:00 
Kyle Rau                 2  0  2   1  0   2  1  1  0  0  6/11   17:39   3:52   0:00 
Mackenzie MacEachern     0  0  0   0  0   0  0  0  0  0  0/0     3:46   0:00   0:00 
Marcus Sorensen          0  0  0   0  0   0  1  1  0  1  0/1     8:22   0:00   0:00 
Mario Lucia              0  0  0   0  0   0  0  0  0  0  0/0     8:22   0:00   0:00 
Markus Hannikainen       0  1  1   0  0   1  0  0  0  0  1/2    18:26   4:56   0:25 
Max Gortz                0  0  0   0  0   0  1  0  0  0  0/0     3:11   0:06   0:00 
Nikita Scherbak          0  0  0   1  0   1  1  0  0  0  1/1    17:39   3:52   0:00 
Noel Acciari             0  1  1   0  0   0  3  1  0  0  11/24  18:01   4:56   0:00 
Ross Johnston            0  0  0   0  0   0  0  0  0  0  0/0     0:21   0:06   0:00 
Scott Harrington         0  0  0   0  0   2  3  0  0  1  0/0    23:46   3:33   0:00 
Slater Koekkoek          0  1  1   1  0   1  0  1  0  2  0/0    27:14   5:21   0:25 
Tomas Jurco              0  1  1   1  0   0  0  0  2  0  0/0    15:12   0:00   0:00 

Players Stats for Binghampton Senators

Player Name              G  A  P  +/- PIM S  H  SB GA TA FO     MP     PP MP  PK MP  
------------------------------------------------------------------------------------
Anthony Greco            0  0  0  -1  0   3  0  0  2  0  0/0     9:17   0:00   0:00 
Brendan Leipsic          0  1  1   0  0   4  0  2  3  0  1/3    20:23   0:25   4:54 
Christian Fischer        0  1  1   0  0   7  3  0  1  0  16/32  20:23   0:25   4:54 
Colin McDonald           0  0  0   0  2   1  2  0  1  2  1/1    18:03   0:25   2:23 
Drew Shore               0  0  0  -1  0   2  1  0  0  0  1/1    12:16   0:00   0:00 
Erik Gustafsson          0  0  0   0  2   0  1  1  0  0  0/0    18:11   0:00   2:17 
Jared McCann             0  0  0   0  0   2  2  0  0  0  0/0    13:44   0:00   0:00 
Jeff Schultz             1  0  1  -1  0   4  2  2  0  1  0/0    26:59   0:25   5:43 
Joel Eriksson Ek         0  0  0  -1  0   6  2  1  1  1  1/4    13:53   0:00   1:37 
Jordan Schmaltz          0  0  0  -1  0   1  0  0  1  1  0/0    15:20   0:00   0:25 
Josh Leivo               0  0  0   0  0   4  1  1  1  0  0/0    16:27   0:00   2:23 
Justin Kirkland          0  0  0  -1  0   0  0  0  0  0  0/0    12:16   0:00   0:00 
Lucas Wallmark           0  0  0   0  0   1  4  0  0  0  8/9    13:44   0:00   0:00 
Ryan Graves              0  0  0   0  7   1  1  1  0  0  0/0    17:00   0:00   2:52 
Sam Carrick              0  0  0  -1  0   2  0  0  0  0  0/1    10:57   0:00   1:40 
Steve Oleksy             0  0  0  -1  6   3  5  0  0  0  0/0    24:17   0:25   3:00 
Trevor Carrick           0  0  0  -1  0   0  0  1  0  0  0/0    18:38   0:00   3:34 
Ty Rattie                0  0  0  -1  0   2  2  1  0  0  0/0     9:17   0:00   0:00 

3 Stars

1 - Mackenzie Blackwood (GRF)
2 - Kyle Rau (GRF)
3 - Eric Cornel (GRF)

Power Play

Grand Rapids Griffins - 2 on 6 Attempt(s) - 33,33%
Binghampton Senators - 1 on 1 Attempt(s) - 100,00%

Penalty Kill

Grand Rapids Griffins - 0 on 1 Attempt(s) - 0,00% - Score 0 goal in Penalty Kill
Binghampton Senators - 4 on 6 Attempt(s) - 66,67% - Score 0 goal in Penalty Kill

Team Stat

Grand Rapids Griffins - Hits : 24 - Faceoff Wins : 23 - Blocked Shots : 9 - Penalty Minutes : 7
Binghampton Senators - Hits : 26 - Faceoff Wins : 28 - Blocked Shots : 10 - Penalty Minutes : 17

Official

Referees : Gord Dwyer and Brian Pochmara
Linesman : Scott Cherrey and Darren Gibbs

Game Notes

Ryan Graves and Andrew O'Brien fight to a draw at 5:56 of 2nd period
Stephon Williams enters game at 18:05 of 2nd period

Finance

Level 1 -- Attendance: 1491 (74,55%) -- Ticket Income 52 185 $
Level 2 -- Attendance: 717 (71,70%) -- Ticket Income 10 755 $
Total Attendance: 2208 (73,60%)
Total Ticket Income: 62 940 $
Other Income: 30 841 $
Total Income: 93 781 $

Grand Rapids Griffins

5 vs 5 Forward 
   Center                   Left Wing                Right Wing               Time % Phy DF OF 
 1 Noel Acciari             Markus Hannikainen       Jesse Puljujarvi         40     1   2  2  
 2 Kyle Rau                 Dmitrij Jaskin           Nikita Scherbak          30     1   2  2  
 3 Eric Cornel              Daniel Carr              Tomas Jurco              20     1   2  2  
 4 Jesse Puljujarvi         Marcus Sorensen          Mario Lucia              10     1   2  2  

5 vs 5 Defense 
   Defense                  Defense                                           Time % Phy DF OF 
 1 Dylan DeMelo             Slater Koekkoek                                   40     1   2  2  
 2 Scott Harrington         Andrew O'Brien                                    30     1   2  2  
 3 Justin Holl              Dylan DeMelo                                      20     1   2  2  
 4 Slater Koekkoek          Scott Harrington                                  10     1   2  2  

PowerPlay Forward 
   Center                   Left Wing                Right Wing               Time % Phy DF OF 
 1 Noel Acciari             Markus Hannikainen       Jesse Puljujarvi         60     1   2  2  
 2 Kyle Rau                 Dmitrij Jaskin           Nikita Scherbak          40     1   2  2  

PowerPlay Defense
   Defense                  Defense                                           Time % Phy DF OF 
 1 Dylan DeMelo             Slater Koekkoek                                   60     1   2  2  
 2 Scott Harrington         Andrew O'Brien                                    40     1   2  2  

Penalty Kill 4 Players Forward 
   Center                   Wing                     Time % Phy DF OF 
 1 Jesse Puljujarvi         Markus Hannikainen       60     1   2  2  
 2 Dmitrij Jaskin           Noel Acciari             40     1   2  2  

Penalty Kill 4 Players Defense
   Defense                  Defense                  Time % Phy DF OF 
 1 Dylan DeMelo             Slater Koekkoek          60     1   2  2  
 2 Scott Harrington         Andrew O'Brien           40     1   2  2  

Penalty Kill - 3 Players Forward 
   Forward                                           Time % Phy DF OF 
 1 Jesse Puljujarvi                                  60     1   2  2  
 2 Markus Hannikainen                                40     1   2  2  

Penalty Kill - 3 Players Defense
   Defense                  Defense                  Time % Phy DF OF 
 1 Dylan DeMelo             Slater Koekkoek          60     1   2  2  
 2 Scott Harrington         Andrew O'Brien           40     1   2  2  

4 vs 4 Forward 
   Center                   Wing                     Time % Phy DF OF 
 1 Jesse Puljujarvi         Markus Hannikainen       60     1   2  2  
 2 Dmitrij Jaskin           Noel Acciari             40     1   2  2  

4 vs 4 Defense
   Defense                  Defense                  Time % Phy DF OF 
 1 Dylan DeMelo             Slater Koekkoek          60     1   2  2  
 2 Scott Harrington         Andrew O'Brien           40     1   2  2  

Last Minutes Offensive
   Center                   Left Wing                Right Wing               Defense                  Defense                  
   Noel Acciari             Markus Hannikainen       Jesse Puljujarvi         Dylan DeMelo             Slater Koekkoek          

Last Minutes Defensive
   Center                   Left Wing                Right Wing               Defense                  Defense                  
   Noel Acciari             Markus Hannikainen       Jesse Puljujarvi         Dylan DeMelo             Slater Koekkoek          

Goaltenders
Starting : Mackenzie Blackwood      
Backup : Scott Wedgewood          

Extra Forwards
Normal : Max Gortz, Ross Johnston, Mackenzie MacEachern - PP : Max Gortz, Ross Johnston - PK : Mackenzie MacEachern
Extra Defensemen
Normal : Justin Holl, Andrew O'Brien, Dylan DeMelo - PP : Justin Holl - PK : Andrew O'Brien, Dylan DeMelo
Penalty Shots
Jesse Puljujarvi, Markus Hannikainen, Dmitrij Jaskin, Noel Acciari, Daniel Carr

Scratches
Reece Willcox (Healthy), Tony Cameranesi (Healthy)

Binghampton Senators

5 vs 5 Forward 
   Center                   Left Wing                Right Wing               Time % Phy DF OF 
 1 Christian Fischer        Brendan Leipsic          Colin McDonald           40     1   2  2  
 2 Lucas Wallmark           Josh Leivo               Jared McCann             30     1   2  2  
 3 Joel Eriksson Ek         Justin Kirkland          Drew Shore               20     1   2  2  
 4 Sam Carrick              Anthony Greco            Ty Rattie                10     1   2  2  

5 vs 5 Defense 
   Defense                  Defense                                           Time % Phy DF OF 
 1 Jeff Schultz             Steve Oleksy                                      40     1   2  2  
 2 Ryan Graves              Erik Gustafsson                                   30     1   2  2  
 3 Jordan Schmaltz          Trevor Carrick                                    20     1   2  2  
 4 Jeff Schultz             Steve Oleksy                                      10     1   2  2  

PowerPlay Forward 
   Center                   Left Wing                Right Wing               Time % Phy DF OF 
 1 Christian Fischer        Brendan Leipsic          Colin McDonald           60     1   2  2  
 2 Lucas Wallmark           Josh Leivo               Jared McCann             40     1   2  2  

PowerPlay Defense
   Defense                  Defense                                           Time % Phy DF OF 
 1 Jeff Schultz             Steve Oleksy                                      60     1   2  2  
 2 Ryan Graves              Erik Gustafsson                                   40     1   2  2  

Penalty Kill 4 Players Forward 
   Center                   Wing                     Time % Phy DF OF 
 1 Christian Fischer        Brendan Leipsic          60     1   2  2  
 2 Colin McDonald           Josh Leivo               40     1   2  2  

Penalty Kill 4 Players Defense
   Defense                  Defense                  Time % Phy DF OF 
 1 Jeff Schultz             Steve Oleksy             60     1   2  2  
 2 Ryan Graves              Erik Gustafsson          40     1   2  2  

Penalty Kill - 3 Players Forward 
   Forward                                           Time % Phy DF OF 
 1 Christian Fischer                                 60     1   2  2  
 2 Brendan Leipsic                                   40     1   2  2  

Penalty Kill - 3 Players Defense
   Defense                  Defense                  Time % Phy DF OF 
 1 Jeff Schultz             Steve Oleksy             60     1   2  2  
 2 Ryan Graves              Erik Gustafsson          40     1   2  2  

4 vs 4 Forward 
   Center                   Wing                     Time % Phy DF OF 
 1 Christian Fischer        Brendan Leipsic          60     1   2  2  
 2 Colin McDonald           Josh Leivo               40     1   2  2  

4 vs 4 Defense
   Defense                  Defense                  Time % Phy DF OF 
 1 Jeff Schultz             Steve Oleksy             60     1   2  2  
 2 Ryan Graves              Erik Gustafsson          40     1   2  2  

Last Minutes Offensive
   Center                   Left Wing                Right Wing               Defense                  Defense                  
   Christian Fischer        Brendan Leipsic          Colin McDonald           Jeff Schultz             Steve Oleksy             

Last Minutes Defensive
   Center                   Left Wing                Right Wing               Defense                  Defense                  
   Christian Fischer        Brendan Leipsic          Colin McDonald           Jeff Schultz             Steve Oleksy             

Goaltenders
Starting : Jon Gillies              
Backup : Stephon Williams         

Extra Forwards
Normal : Joel Eriksson Ek, Drew Shore, Sam Carrick - PP : Joel Eriksson Ek, Drew Shore - PK : Sam Carrick
Extra Defensemen
Normal : Jordan Schmaltz, Trevor Carrick, Ryan Graves - PP : Jordan Schmaltz - PK : Trevor Carrick, Ryan Graves
Penalty Shots
Christian Fischer, Brendan Leipsic, Colin McDonald, Josh Leivo, Lucas Wallmark

Scratches
Jesse Graham (Healthy), Brett Findlay (Healthy), Ryan Culkin (Healthy), Sergey Tolchinsky (Healthy), Michael Latta (Healthy)
Cameron Darcy (Healthy), Jimmy Lodge (Healthy), Patrick McNally (Healthy)

% Time on Ice - Grand Rapids Griffins

Lines # - Real PCT - Wanted PCT - Time Play
Normal Forward
1 - 26% - 40% - 13:20
2 - 27% - 30% - 13:47
3 - 30% - 20% - 15:12
4 - 17% - 10% - 8:22
Normal Defense
1 - 33% - 40% - 16:44
2 - 31% - 30% - 15:47
3 - 24% - 20% - 12:18
4 - 12% - 10% - 5:52
PP Forward
1 - 57% - 60% - 5:02
2 - 43% - 40% - 3:52
PP Defense
1 - 60% - 60% - 5:21
2 - 40% - 40% - 3:33
PK Forward
1 - 100% - 60% - 0:25
2 - 0% - 40% - 0:00
PK Defense
1 - 100% - 60% - 0:25
2 - 0% - 40% - 0:00
PK3 Forward
1 - 0% - 60%
2 - 0% - 40%
PK3 Defense
1 - 0% - 60%
2 - 0% - 40%
44 Forward
1 - 0% - 60%
2 - 0% - 40%
44 Defense
1 - 0% - 60%
2 - 0% - 40%
Last Minute Offensive  - 0:00
Last Minute Defensive  - 0:00
Total
Forward - 60:00
Defense - 60:00

% Time on Ice - Binghampton Senators

Lines # - Real PCT - Wanted PCT - Time Play
Normal Forward
1 - 30% - 40% - 15:04
2 - 28% - 30% - 14:04
3 - 24% - 20% - 12:16
4 - 18% - 10% - 9:17
Normal Defense
1 - 38% - 40% - 19:21
2 - 31% - 30% - 15:55
3 - 27% - 20% - 13:51
4 - 3% - 10% - 1:34
PP Forward
1 - 100% - 60% - 0:25
2 - 0% - 40% - 0:00
PP Defense
1 - 100% - 60% - 0:25
2 - 0% - 40% - 0:00
PK Forward
1 - 73% - 60% - 6:31
2 - 27% - 40% - 2:23
PK Defense
1 - 67% - 60% - 5:57
2 - 33% - 40% - 2:57
PK3 Forward
1 - 0% - 60%
2 - 0% - 40%
PK3 Defense
1 - 0% - 60%
2 - 0% - 40%
44 Forward
1 - 0% - 60%
2 - 0% - 40%
44 Defense
1 - 0% - 60%
2 - 0% - 40%
Last Minute Offensive  - 0:00
Last Minute Defensive  - 0:00
Total
Forward - 60:00
Defense - 60:00

Play by Play

1st period


0:01 of 1st period - Christian Fischer wins face-off versus Noel Acciari in neutral zone.
0:16 of 1st period - Slapshot by Christian Fischer.
0:16 of 1st period - Stopped by Mackenzie Blackwood with a rebound.
0:28 of 1st period - Snap shot by Nikita Scherbak.
0:28 of 1st period - Stopped by Jon Gillies with a rebound.
1:24 of 1st period - Icing by Scott Harrington.
1:25 of 1st period - Christian Fischer wins face-off versus Kyle Rau in Grand Rapids Griffins zone.
1:50 of 1st period - Justin Holl is hit by Lucas Wallmark and loses puck.
1:57 of 1st period - Wrist shot by Josh Leivo.
1:57 of 1st period - Stopped by Mackenzie Blackwood with a rebound.
2:55 of 1st period - Slapshot by Dmitrij Jaskin.
2:55 of 1st period - Shot Blocked by Ty Rattie.
2:57 of 1st period - Backhand shot by Dylan DeMelo.
2:57 of 1st period - Deflect By Dmitrij Jaskin.
2:57 of 1st period - Stopped by Jon Gillies with a rebound.
2:59 of 1st period - Snap shot by Kyle Rau.
2:59 of 1st period - Goal by Kyle Rau - Grand Rapids Griffins : 1 - Binghampton Senators : 0.
3:00 of 1st period - Brendan Leipsic wins face-off versus Noel Acciari in neutral zone.
3:02 of 1st period - Minor Penalty to Steve Oleksy for Hooking.
3:03 of 1st period - Christian Fischer wins face-off versus Noel Acciari in Binghampton Senators zone.
4:29 of 1st period - Slater Koekkoek is hit by Ryan Graves and loses puck.
5:02 of 1st period - Penalty to Steve Oleksy is over, Steve Oleksy is back on ice.
5:19 of 1st period - Justin Kirkland is hit by Dylan DeMelo and loses puck.
6:04 of 1st period - Colin McDonald is hit by Scott Harrington and loses puck.
6:47 of 1st period - Mario Lucia is hit by Lucas Wallmark and loses puck.
6:54 of 1st period - Marcus Sorensen is hit by Josh Leivo and loses puck.
8:04 of 1st period - Snap shot by Joel Eriksson Ek.
8:04 of 1st period - Stopped by Mackenzie Blackwood without a rebound.
8:05 of 1st period - Noel Acciari wins face-off versus Joel Eriksson Ek in Grand Rapids Griffins zone.
8:23 of 1st period - Ryan Graves is hit by Daniel Carr and loses puck.
8:37 of 1st period - Daniel Carr is hit by Erik Gustafsson and loses puck.
8:58 of 1st period - Snap shot by Drew Shore.
8:58 of 1st period - Stopped by Mackenzie Blackwood with a rebound.
9:00 of 1st period - Wrist shot by Joel Eriksson Ek.
9:00 of 1st period - Stopped by Mackenzie Blackwood with a rebound.
9:02 of 1st period - Slapshot by Drew Shore.
9:02 of 1st period - Shot Misses the Net.
9:19 of 1st period - Joel Eriksson Ek is hit by Daniel Carr.
9:59 of 1st period - Wrist shot by Daniel Carr.
9:59 of 1st period - Stopped by Jon Gillies with a rebound.
10:27 of 1st period - Tomas Jurco is hit by Joel Eriksson Ek and loses puck.
10:33 of 1st period - Off-side.
10:34 of 1st period - Markus Hannikainen wins face-off versus Christian Fischer in neutral zone.
10:41 of 1st period - Slapshot by Jesse Puljujarvi.
10:41 of 1st period - Shot Hit the Post.
10:45 of 1st period - Slapshot by Noel Acciari.
10:45 of 1st period - Shot Blocked by Jeff Schultz.
10:47 of 1st period - Slapshot by Scott Harrington.
10:47 of 1st period - Stopped by Jon Gillies without a rebound.
10:48 of 1st period - Noel Acciari wins face-off versus Brendan Leipsic in Binghampton Senators zone.
11:44 of 1st period - Snap shot by Sam Carrick.
11:44 of 1st period - Shot Misses the Net.
11:46 of 1st period - Snap shot by Ty Rattie.
11:46 of 1st period - Stopped by Mackenzie Blackwood with a rebound.
11:58 of 1st period - Snap shot by Christian Fischer.
11:58 of 1st period - Deflect By Colin McDonald.
11:58 of 1st period - Shot Blocked by Andrew O'Brien.
11:58 of 1st period - Puck is out of play.
11:59 of 1st period - Colin McDonald wins face-off versus Kyle Rau in Grand Rapids Griffins zone.
12:02 of 1st period - Wrist shot by Brendan Leipsic.
12:02 of 1st period - Stopped by Mackenzie Blackwood with a rebound.
13:07 of 1st period - Snap shot by Christian Fischer.
13:07 of 1st period - Stopped by Mackenzie Blackwood without a rebound.
13:08 of 1st period - Lucas Wallmark wins face-off versus Markus Hannikainen in Grand Rapids Griffins zone.
13:31 of 1st period - Kyle Rau is hit by Steve Oleksy and loses puck.
13:51 of 1st period - Snap shot by Ty Rattie.
13:51 of 1st period - Stopped by Mackenzie Blackwood with a rebound.
13:53 of 1st period - Snap shot by Anthony Greco.
13:53 of 1st period - Stopped by Mackenzie Blackwood with a rebound.
13:55 of 1st period - Slapshot by Steve Oleksy.
13:55 of 1st period - Shot Misses the Net.
13:57 of 1st period - Slapshot by Jeff Schultz.
13:57 of 1st period - Stopped by Mackenzie Blackwood with a rebound.
14:09 of 1st period - Wrist shot by Jesse Puljujarvi.
14:09 of 1st period - Shot Misses the Net.
14:25 of 1st period - Dmitrij Jaskin is hit by Christian Fischer.
15:27 of 1st period - Slapshot by Josh Leivo.
15:27 of 1st period - Stopped by Mackenzie Blackwood with a rebound.
15:29 of 1st period - Slapshot by Ryan Graves.
15:29 of 1st period - Stopped by Mackenzie Blackwood with a rebound.
15:31 of 1st period - Slapshot by Ryan Graves.
15:31 of 1st period - Shot Misses the Net.
15:41 of 1st period - Slapshot by Markus Hannikainen.
15:41 of 1st period - Stopped by Jon Gillies with a rebound.
15:43 of 1st period - Snap shot by Kyle Rau.
15:43 of 1st period - Shot Blocked by Ryan Graves.
17:31 of 1st period - Lucas Wallmark is hit by Daniel Carr and loses puck.
18:57 of 1st period - Wrist shot by Sam Carrick.
18:57 of 1st period - Shot Misses the Net.
19:59 of 1st period - Snap shot by Jesse Puljujarvi.
19:59 of 1st period - Shot Misses the Net.
Goals for this period are 1 for Grand Rapids Griffins vs 0 for Binghampton Senators.
Shots for this period are 6 for Grand Rapids Griffins vs 13 for Binghampton Senators.

2nd period


0:01 of 2nd period - Christian Fischer wins face-off versus Noel Acciari in neutral zone.
0:08 of 2nd period - Slater Koekkoek is hit by Steve Oleksy and loses puck.
0:21 of 2nd period - Minor Penalty to Dylan DeMelo for Roughing.
0:22 of 2nd period - Jesse Puljujarvi wins face-off versus Christian Fischer in Grand Rapids Griffins zone.
0:30 of 2nd period - Icing by Steve Oleksy.
0:31 of 2nd period - Christian Fischer wins face-off versus Jesse Puljujarvi in Binghampton Senators zone.
0:42 of 2nd period - Wrist shot by Brendan Leipsic.
0:42 of 2nd period - Deflect By Christian Fischer.
0:42 of 2nd period - Stopped by Mackenzie Blackwood with a rebound.
0:44 of 2nd period - Slapshot by Christian Fischer.
0:44 of 2nd period - Stopped by Mackenzie Blackwood with a rebound.
0:46 of 2nd period - Slapshot by Jeff Schultz.
0:46 of 2nd period - Deflect By Jesse Puljujarvi.
0:46 of 2nd period - Goal by Jeff Schultz - Grand Rapids Griffins : 1 - Binghampton Senators : 1.
0:47 of 2nd period - Jesse Puljujarvi wins face-off versus Christian Fischer in neutral zone.
1:37 of 2nd period - Justin Kirkland is hit by Andrew O'Brien and loses puck.
2:14 of 2nd period - Erik Gustafsson is hit by Scott Harrington and loses puck.
2:21 of 2nd period - Snap shot by Brendan Leipsic.
2:21 of 2nd period - Shot Misses the Net.
2:35 of 2nd period - Snap shot by Daniel Carr.
2:35 of 2nd period - Shot Blocked by Josh Leivo.
3:42 of 2nd period - Colin McDonald is hit by Justin Holl.
3:43 of 2nd period - Icing by Colin McDonald.
3:44 of 2nd period - Christian Fischer wins face-off versus Jesse Puljujarvi in Binghampton Senators zone.
4:27 of 2nd period - Scott Harrington is hit by Joel Eriksson Ek and loses puck.
4:59 of 2nd period - Steve Oleksy is hit by Daniel Carr and loses puck.
5:27 of 2nd period - Wrist shot by Anthony Greco.
5:27 of 2nd period - Stopped by Mackenzie Blackwood with a rebound.
5:29 of 2nd period - Wrist shot by Sam Carrick.
5:29 of 2nd period - Shot Misses the Net.
5:45 of 2nd period - Slapshot by Sam Carrick.
5:45 of 2nd period - Stopped by Mackenzie Blackwood without a rebound.
5:46 of 2nd period - Noel Acciari wins face-off versus Christian Fischer in Grand Rapids Griffins zone.
5:53 of 2nd period - Backhand shot by Jesse Puljujarvi.
5:53 of 2nd period - Shot Blocked by Brendan Leipsic.
5:55 of 2nd period - Slapshot by Scott Harrington.
5:55 of 2nd period - Shot Misses the Net.
5:56 of 2nd period - Ryan Graves and Andrew O'Brien fight to a draw.
5:56 of 2nd period - Penalty to Ryan Graves for Fighting.
5:56 of 2nd period - Penalty to Andrew O'Brien for Fighting.
5:57 of 2nd period - Noel Acciari wins face-off versus Christian Fischer in Binghampton Senators zone.
6:11 of 2nd period - Slapshot by Christian Fischer.
6:11 of 2nd period - Shot Misses the Net.
6:13 of 2nd period - Snap shot by Brendan Leipsic.
6:13 of 2nd period - Shot Misses the Net.
7:01 of 2nd period - Icing by Erik Gustafsson.
7:02 of 2nd period - Noel Acciari wins face-off versus Joel Eriksson Ek in Binghampton Senators zone.
7:19 of 2nd period - Slapshot by Drew Shore.
7:19 of 2nd period - Stopped by Mackenzie Blackwood with a rebound.
7:27 of 2nd period - Wrist shot by Joel Eriksson Ek.
7:27 of 2nd period - Shot Blocked by Noel Acciari.
7:29 of 2nd period - Wrist shot by Joel Eriksson Ek.
7:29 of 2nd period - Stopped by Mackenzie Blackwood without a rebound.
7:30 of 2nd period - Kyle Rau wins face-off versus Christian Fischer in Grand Rapids Griffins zone.
7:58 of 2nd period - Jared McCann is hit by Scott Harrington and loses puck.
8:05 of 2nd period - Snap shot by Daniel Carr.
8:05 of 2nd period - Stopped by Jon Gillies with a rebound.
8:07 of 2nd period - Slapshot by Scott Harrington.
8:07 of 2nd period - Stopped by Jon Gillies with a rebound.
8:09 of 2nd period - Wrist shot by Daniel Carr.
8:09 of 2nd period - Stopped by Jon Gillies with a rebound.
8:25 of 2nd period - Slapshot by Steve Oleksy.
8:25 of 2nd period - Stopped by Mackenzie Blackwood with a rebound.
8:27 of 2nd period - Wrist shot by Sam Carrick.
8:27 of 2nd period - Stopped by Mackenzie Blackwood with a rebound.
8:29 of 2nd period - Slapshot by Steve Oleksy.
8:29 of 2nd period - Deflect By Jesse Puljujarvi.
8:29 of 2nd period - Stopped by Mackenzie Blackwood with a rebound.
8:38 of 2nd period - Icing by Slater Koekkoek.
8:39 of 2nd period - Kyle Rau wins face-off versus Joel Eriksson Ek in Grand Rapids Griffins zone.
9:13 of 2nd period - Snap shot by Brendan Leipsic.
9:13 of 2nd period - Deflect By Colin McDonald.
9:13 of 2nd period - Stopped by Mackenzie Blackwood without a rebound.
9:14 of 2nd period - Lucas Wallmark wins face-off versus Noel Acciari in Grand Rapids Griffins zone.
9:26 of 2nd period - Wrist shot by Jesse Puljujarvi.
9:26 of 2nd period - Stopped by Jon Gillies without a rebound.
9:27 of 2nd period - Christian Fischer wins face-off versus Kyle Rau in Binghampton Senators zone.
9:32 of 2nd period - Snap shot by Brendan Leipsic.
9:32 of 2nd period - Shot Misses the Net.
9:45 of 2nd period - Minor Penalty to Colin McDonald for Slashing.
9:46 of 2nd period - Noel Acciari wins face-off versus Christian Fischer in Binghampton Senators zone.
10:12 of 2nd period - Steve Oleksy is hit by Nikita Scherbak and loses puck.
10:17 of 2nd period - Wrist shot by Kyle Rau.
10:17 of 2nd period - Goal by Kyle Rau - Grand Rapids Griffins : 2 - Binghampton Senators : 1.
10:18 of 2nd period - Noel Acciari wins face-off versus Christian Fischer in neutral zone.
10:32 of 2nd period - Minor Penalty to Steve Oleksy for Hooking.
10:33 of 2nd period - Christian Fischer wins face-off versus Noel Acciari in Binghampton Senators zone.
10:33 of 2nd period - Christian Fischer is hit by Noel Acciari.
10:56 of 2nd period - Penalty to Ryan Graves is over, Ryan Graves is back on ice.
11:08 of 2nd period - Slapshot by Slater Koekkoek.
11:08 of 2nd period - Deflect By Josh Leivo.
11:08 of 2nd period - Stopped by Jon Gillies with a rebound.
12:24 of 2nd period - Jeff Schultz is hit by Dmitrij Jaskin and loses puck.
12:32 of 2nd period - Penalty to Steve Oleksy is over, Steve Oleksy is back on ice.
13:20 of 2nd period - Justin Holl is hit by Steve Oleksy.
13:58 of 2nd period - Slapshot by Steve Oleksy.
13:58 of 2nd period - Stopped by Mackenzie Blackwood with a rebound.
14:15 of 2nd period - Jeff Schultz is hit by Max Gortz and loses puck.
14:28 of 2nd period - Dmitrij Jaskin is hit by Ty Rattie and loses puck.
14:37 of 2nd period - Slapshot by Anthony Greco.
14:37 of 2nd period - Stopped by Mackenzie Blackwood with a rebound.
14:51 of 2nd period - Slater Koekkoek is hit by Lucas Wallmark and loses puck.
15:19 of 2nd period - Icing by Steve Oleksy.
15:20 of 2nd period - Drew Shore wins face-off versus Marcus Sorensen in Binghampton Senators zone.
15:25 of 2nd period - Jesse Puljujarvi is hit by Steve Oleksy and loses puck.
16:30 of 2nd period - Trevor Carrick is hit by Eric Cornel.
16:46 of 2nd period - Off-side.
16:47 of 2nd period - Christian Fischer wins face-off versus Noel Acciari in neutral zone.
17:14 of 2nd period - Slapshot by Jared McCann.
17:14 of 2nd period - Stopped by Mackenzie Blackwood with a rebound.
17:16 of 2nd period - Slapshot by Jordan Schmaltz.
17:16 of 2nd period - Stopped by Mackenzie Blackwood with a rebound.
17:32 of 2nd period - Snap shot by Daniel Carr.
17:32 of 2nd period - Shot Misses the Net.
17:34 of 2nd period - Snap shot by Eric Cornel.
17:34 of 2nd period - Goal by Eric Cornel - Grand Rapids Griffins : 3 - Binghampton Senators : 1.
17:35 of 2nd period - Noel Acciari wins face-off versus Christian Fischer in neutral zone.
17:39 of 2nd period - Minor Penalty to Steve Oleksy for Hooking.
17:40 of 2nd period - Christian Fischer wins face-off versus Noel Acciari in Binghampton Senators zone.
17:49 of 2nd period - Slapshot by Dylan DeMelo.
17:49 of 2nd period - Shot Misses the Net.
17:51 of 2nd period - Wrist shot by Markus Hannikainen.
17:51 of 2nd period - Shot Blocked by Brendan Leipsic.
17:53 of 2nd period - Slapshot by Dylan DeMelo.
17:53 of 2nd period - Shot Blocked by Trevor Carrick.
17:55 of 2nd period - Slapshot by Slater Koekkoek.
17:55 of 2nd period - Deflect By Noel Acciari.
17:55 of 2nd period - Shot Misses the Net.
17:55 of 2nd period - Puck is out of play.
17:56 of 2nd period - Noel Acciari wins face-off versus Christian Fischer in Binghampton Senators zone.
18:05 of 2nd period - Snap shot by Jesse Puljujarvi.
18:05 of 2nd period - Goal by Jesse Puljujarvi - Grand Rapids Griffins : 4 - Binghampton Senators : 1.
18:05 of 2nd period - Stephon Williams enters game.
18:06 of 2nd period - Noel Acciari wins face-off versus Christian Fischer in neutral zone.
18:11 of 2nd period - Slapshot by Jesse Puljujarvi.
18:11 of 2nd period - Shot Misses the Net.
18:17 of 2nd period - Noel Acciari is hit by Steve Oleksy and loses puck.
18:59 of 2nd period - Snap shot by Eric Cornel.
18:59 of 2nd period - Stopped by Stephon Williams with a rebound.
19:01 of 2nd period - Slapshot by Slater Koekkoek.
19:01 of 2nd period - Shot Blocked by Joel Eriksson Ek.
Goals for this period are 3 for Grand Rapids Griffins vs 1 for Binghampton Senators.
Shots for this period are 9 for Grand Rapids Griffins vs 15 for Binghampton Senators.

3rd period


0:01 of 3rd period - Christian Fischer wins face-off versus Noel Acciari in neutral zone.
0:06 of 3rd period - Slater Koekkoek is hit by Colin McDonald and loses puck.
0:30 of 3rd period - Off-side.
0:31 of 3rd period - Kyle Rau wins face-off versus Lucas Wallmark in neutral zone.
0:36 of 3rd period - Wrist shot by Nikita Scherbak.
0:36 of 3rd period - Shot Blocked by Erik Gustafsson.
0:57 of 3rd period - Ryan Graves is hit by Noel Acciari and loses puck.
2:18 of 3rd period - Andrew O'Brien is hit by Christian Fischer and loses puck.
2:39 of 3rd period - Snap shot by Drew Shore.
2:39 of 3rd period - Shot Blocked by Andrew O'Brien.
2:41 of 3rd period - Snap shot by Joel Eriksson Ek.
2:41 of 3rd period - Stopped by Mackenzie Blackwood with a rebound.
2:43 of 3rd period - Snap shot by Joel Eriksson Ek.
2:43 of 3rd period - Shot Misses the Net.
2:53 of 3rd period - Slapshot by Dmitrij Jaskin.
2:53 of 3rd period - Stopped by Stephon Williams without a rebound.
2:54 of 3rd period - Lucas Wallmark wins face-off versus Kyle Rau in Binghampton Senators zone.
3:19 of 3rd period - Ryan Graves is hit by Justin Holl and loses puck.
3:36 of 3rd period - Wrist shot by Joel Eriksson Ek.
3:36 of 3rd period - Stopped by Mackenzie Blackwood with a rebound.
3:38 of 3rd period - Slapshot by Jeff Schultz.
3:38 of 3rd period - Stopped by Mackenzie Blackwood with a rebound.
3:40 of 3rd period - Snap shot by Joel Eriksson Ek.
3:40 of 3rd period - Shot Misses the Net.
3:42 of 3rd period - Snap shot by Joel Eriksson Ek.
3:42 of 3rd period - Stopped by Mackenzie Blackwood with a rebound.
3:59 of 3rd period - Snap shot by Jared McCann.
3:59 of 3rd period - Stopped by Mackenzie Blackwood without a rebound.
4:00 of 3rd period - Lucas Wallmark wins face-off versus Noel Acciari in Grand Rapids Griffins zone.
4:04 of 3rd period - Icing by Markus Hannikainen.
4:05 of 3rd period - Lucas Wallmark wins face-off versus Noel Acciari in Grand Rapids Griffins zone.
4:06 of 3rd period - Snap shot by Josh Leivo.
4:06 of 3rd period - Shot Blocked by Dylan DeMelo.
4:08 of 3rd period - Slapshot by Josh Leivo.
4:08 of 3rd period - Shot Misses the Net.
4:20 of 3rd period - Jeff Schultz is hit by Noel Acciari and loses puck.
4:34 of 3rd period - Minor Penalty to Ryan Graves for Holding.
4:35 of 3rd period - Christian Fischer wins face-off versus Noel Acciari in Binghampton Senators zone.
4:49 of 3rd period - Slapshot by Dylan DeMelo.
4:49 of 3rd period - Stopped by Stephon Williams without a rebound.
4:50 of 3rd period - Christian Fischer wins face-off versus Jesse Puljujarvi in Binghampton Senators zone.
5:27 of 3rd period - Dmitrij Jaskin is hit by Colin McDonald and loses puck.
6:24 of 3rd period - Nikita Scherbak is hit by Jeff Schultz and loses puck.
6:29 of 3rd period - Wrist shot by Joel Eriksson Ek.
6:29 of 3rd period - Shot Blocked by Kyle Rau.
6:34 of 3rd period - Penalty to Ryan Graves is over, Ryan Graves is back on ice.
6:41 of 3rd period - Slapshot by Daniel Carr.
6:41 of 3rd period - Stopped by Stephon Williams without a rebound.
6:42 of 3rd period - Lucas Wallmark wins face-off versus Eric Cornel in Binghampton Senators zone.
6:51 of 3rd period - Slapshot by Steve Oleksy.
6:51 of 3rd period - Deflect By Josh Leivo.
6:51 of 3rd period - Stopped by Mackenzie Blackwood with a rebound.
6:53 of 3rd period - Wrist shot by Lucas Wallmark.
6:53 of 3rd period - Stopped by Mackenzie Blackwood without a rebound.
6:54 of 3rd period - Lucas Wallmark wins face-off versus Noel Acciari in Grand Rapids Griffins zone.
7:21 of 3rd period - Icing by Dmitrij Jaskin.
7:22 of 3rd period - Kyle Rau wins face-off versus Christian Fischer in Grand Rapids Griffins zone.
7:26 of 3rd period - Minor Penalty to Erik Gustafsson for Boarding.
7:27 of 3rd period - Noel Acciari wins face-off versus Christian Fischer in Binghampton Senators zone.
7:31 of 3rd period - Snap shot by Jesse Puljujarvi.
7:31 of 3rd period - Shot Blocked by Jeff Schultz.
7:33 of 3rd period - Slapshot by Dylan DeMelo.
7:33 of 3rd period - Stopped by Stephon Williams with a rebound.
8:03 of 3rd period - Dylan DeMelo is hit by Christian Fischer and loses puck.
9:26 of 3rd period - Penalty to Erik Gustafsson is over, Erik Gustafsson is back on ice.
9:28 of 3rd period - Snap shot by Brendan Leipsic.
9:28 of 3rd period - Stopped by Mackenzie Blackwood with a rebound.
9:40 of 3rd period - Wrist shot by Josh Leivo.
9:40 of 3rd period - Stopped by Mackenzie Blackwood without a rebound.
9:41 of 3rd period - Joel Eriksson Ek wins face-off versus Eric Cornel in Grand Rapids Griffins zone.
9:50 of 3rd period - Slapshot by Joel Eriksson Ek.
9:50 of 3rd period - Shot Blocked by Justin Holl.
10:06 of 3rd period - Marcus Sorensen is hit by Jared McCann and loses puck.
10:15 of 3rd period - Wrist shot by Josh Leivo.
10:15 of 3rd period - Shot Blocked by Dylan DeMelo.
10:21 of 3rd period - Jesse Puljujarvi is hit by Lucas Wallmark and loses puck.
11:27 of 3rd period - Scott Harrington is hit by Drew Shore and loses puck.
11:47 of 3rd period - Ty Rattie is hit by Eric Cornel and loses puck.
12:33 of 3rd period - Ryan Graves is hit by Eric Cornel and loses puck.
12:45 of 3rd period - Icing by Anthony Greco.
12:46 of 3rd period - Kyle Rau wins face-off versus Sam Carrick in Binghampton Senators zone.
12:47 of 3rd period - Wrist shot by Dmitrij Jaskin.
12:47 of 3rd period - Stopped by Stephon Williams without a rebound.
12:48 of 3rd period - Nikita Scherbak wins face-off versus Christian Fischer in Binghampton Senators zone.
13:02 of 3rd period - Jordan Schmaltz is hit by Kyle Rau.
13:41 of 3rd period - Justin Kirkland is hit by Daniel Carr and loses puck.
14:02 of 3rd period - Trevor Carrick is hit by Jesse Puljujarvi and loses puck.
14:46 of 3rd period - Snap shot by Christian Fischer.
14:46 of 3rd period - Stopped by Mackenzie Blackwood without a rebound.
14:47 of 3rd period - Kyle Rau wins face-off versus Brendan Leipsic in Grand Rapids Griffins zone.
14:47 of 3rd period - Kyle Rau is hit by Jeff Schultz.
14:55 of 3rd period - Wrist shot by Christian Fischer.
14:55 of 3rd period - Shot Blocked by Slater Koekkoek.
14:57 of 3rd period - Snap shot by Brendan Leipsic.
14:57 of 3rd period - Shot Misses the Net.
14:59 of 3rd period - Slapshot by Christian Fischer.
14:59 of 3rd period - Stopped by Mackenzie Blackwood with a rebound.
15:01 of 3rd period - Slapshot by Jeff Schultz.
15:01 of 3rd period - Stopped by Mackenzie Blackwood with a rebound.
16:05 of 3rd period - Mario Lucia is hit by Ty Rattie and loses puck.
16:15 of 3rd period - Icing by Slater Koekkoek.
16:16 of 3rd period - Christian Fischer wins face-off versus Eric Cornel in Grand Rapids Griffins zone.
16:17 of 3rd period - Snap shot by Brendan Leipsic.
16:17 of 3rd period - Stopped by Mackenzie Blackwood without a rebound.
16:18 of 3rd period - Christian Fischer wins face-off versus Eric Cornel in Grand Rapids Griffins zone.
16:19 of 3rd period - Snap shot by Brendan Leipsic.
16:19 of 3rd period - Stopped by Mackenzie Blackwood without a rebound.
16:20 of 3rd period - Eric Cornel wins face-off versus Christian Fischer in Grand Rapids Griffins zone.
16:56 of 3rd period - Wrist shot by Jesse Puljujarvi.
16:56 of 3rd period - Stopped by Stephon Williams without a rebound.
16:57 of 3rd period - Christian Fischer wins face-off versus Kyle Rau in Binghampton Senators zone.
17:45 of 3rd period - Jesse Puljujarvi is hit by Jared McCann and loses puck.
18:28 of 3rd period - Slapshot by Christian Fischer.
18:28 of 3rd period - Stopped by Mackenzie Blackwood without a rebound.
18:29 of 3rd period - Jesse Puljujarvi wins face-off versus Christian Fischer in Grand Rapids Griffins zone.
18:49 of 3rd period - Colin McDonald is hit by Marcus Sorensen and loses puck.
19:17 of 3rd period - Icing by Scott Harrington.
19:18 of 3rd period - Lucas Wallmark wins face-off versus Jesse Puljujarvi in Grand Rapids Griffins zone.
19:27 of 3rd period - Wrist shot by Josh Leivo.
19:27 of 3rd period - Shot Blocked by Marcus Sorensen.
Goals for this period are 0 for Grand Rapids Griffins vs 0 for Binghampton Senators.
Shots for this period are 6 for Grand Rapids Griffins vs 15 for Binghampton Senators.